 Dungeon Crawl Stone Soup version 0.24-a0-537-g2d01d4ab0a (webtiles) character file.

Game seed: 18348232955763998047

100 Napalmbreeze the Skirmisher (level 4, -6/41 HPs)
             Began as a Hill Orc Fighter on Aug 13, 2019.
             Killed from afar by Sigmund (7 damage)
             ... with a puff of flame
             ... on level 2 of the Dungeon.
             The game lasted 00:02:59 (2476 turns).

Napalmbreeze the Skirmisher (Hill Orc Fighter)      Turns: 2476, Time: 00:03:00

Health: -6/41      AC:  7    Str: 19    XL:     4   Next: 73%
Magic:  4/4        EV:  7    Int:  8    God:
Gold:   83         SH:  0    Dex: 10    Spells: 3/3 levels left

rFire    . . .     SeeInvis .   a - +1 war axe
rCold    . . .     Gourm    .   c - +1 shield
rNeg     . . .     Faith    .   b - +0 scale mail
rPois    .         Spirit   .   (no helmet)
rElec    .         Reflect  .   (no cloak)
rCorr    .         Harm     .   (no gloves)
MR       .....                  (no boots)
Stlth    ..........             (no amulet)
HPRegen  0.13/turn              q - ring of attention (curse)
MPRegen  0.09/turn              (no ring)

@: confused
A: no striking features
a: no special abilities


You were on level 2 of the Dungeon.
You were not hungry.

You visited 1 branch of the dungeon, and saw 2 of its levels.

You collected 83 gold pieces.

Inventory:

Hand Weapons
 a - a +1 war axe (weapon)
Armour
 b - a +0 scale mail (worn)
 c - a +1 shield (worn)
Jewellery
 q - a cursed ring of attention (left hand)
Wands
 m - a wand of random effects (21)
Scrolls
 e - a scroll of blinking
 k - 2 scrolls of teleportation
 o - a scroll of enchant weapon
Potions
 d - a potion of might
 i - a potion of ambrosia {unknown}
 j - 2 potions of heal wounds {unknown}
 n - a potion of curing {unknown}
Comestibles
 f - 3 rations
 g - 5 chunks of flesh


   Skills:
 * Level 4.9 Fighting
 + Level 3.7 Axes
 + Level 3.9 Armour
 + Level 3.9 Shields


You had 3 spell levels left.
You didn't know any spells.
Your spell library was empty.

Dungeon Overview and Level Annotations

Branches:
Dungeon (2/15)

Altars:

Annotations:
D:1 need fly for potion
D:2 Sigmund


Message History

The puff of flame hits you!
* * * LOW HITPOINT WARNING * * *
You hit something. Something hits you but does no damage.
You're too confused to move!
You hear a zap.
A puff of flame appears from out of thin air!
The puff of flame hits you but does no damage.
You hear some strange, mumbled words.
A magic dart appears from out of thin air!
The magic dart hits you but does no damage.
You slash something! Something hits you.
* * * LOW HITPOINT WARNING * * *
You miss something.
You hear some strange, mumbled words.
You are more confused.
Unknown command.
You hear some strange, mumbled words.
A puff of flame appears from out of thin air!
The puff of flame hits you!
You die...

#...# #...# ########...#
#..........###
+........†÷'.##
#..........#..#
#..........##.#
##########..........##..
.......@{.#######...###.
........................
..........#############.
########### ############
............
............ ###
########...# #..
.......'...+ #.#
########...#


There were no monsters in sight!

Vanquished Creatures
  Jessica (D:2)
  2 gnolls
  An adder (D:2)
  A worm (D:2)
  A dart slug (D:2)
  2 leopard geckos
  3 orcs (D:2)
  2 ball pythons (D:2)
  4 giant cockroaches
  4 goblins
  3 hobgoblins
  A kobold (D:2)
  4 bats
  8 frilled lizards
  2 rats
39 creatures vanquished.

Notes
Turn   | Place    | Note
-------+----------+-------------------------------------------
     0 | D:1      | Napalmbreeze the Hill Orc Fighter began the quest for the
                  | Orb.
     0 | D:1      | Reached XP level 1. HP: 19/19 MP: 1/1
   508 | D:1      | Reached XP level 2. HP: 27/27 MP: 2/2
   637 | D:1      | Reached skill level 4 in Fighting
   962 | D:2      | Reached XP level 3. HP: 12/33 MP: 3/3
  1830 | D:2      | Noticed Jessica
  1835 | D:2      | Killed Jessica
  1835 | D:2      | Reached XP level 4. HP: 41/41 MP: 4/4
  2083 | D:2      | Noticed Sigmund
  2474 | D:2      | HP: 1/41 [something (6)]
  2476 | D:2      | Killed from afar by Sigmund

Levels and vault maps discovered:
D:1:      lightli_arrival_chessboard, layout_loops_corners,
          corexii_item_surrounded_by_moat
D:2:      layout_basic, first_ration, minmay_3d_cube, uniq_jessica, uniq_sigmund

Skill      XL: |  1  2 |
---------------+-------+-----
Axes           | 3 |  3.7
Fighting       | 4 |  4.9
Armour         | |  3.9
Shields        | |  3.9

Action                   |  1- 3 |  4- 6 || total
-------------------------+-------+-------++-------
Melee: War axe           |    92 |    55 ||   147
  Use: Scroll            |       |     5 ||     5
  Eat: Ration            |     1 |       ||     1
       Chunk             |       |     2 ||     2
Armor: Scale mail        |    40 |    19 ||    59
Dodge: Dodged            |    20 |    15 ||    35
Block: Shield            |    44 |    24 ||    68

Table legend:
 A = Non-vault XP
 B = Vault XP
 C = Vault XP percentage of total XP
 D = Non-vault monster count
 E = Vault monster count
 F = Vault count percentage of total count
                 A         B        C        D         E       F
            +---------+---------+-------+---------+---------+-------
      Total |     104 |      39 |  27.3 |      37 |       2 |   5.1
            +---------+---------+-------+---------+---------+-------
        D:1 |      35 |       0 |   0.0 |      14 |       0 |   0.0
        D:2 |      69 |      39 |  36.1 |      23 |       2 |   8.0
            +---------+---------+-------+---------+---------+-------
